[Event "Titled Tuesday Blitz February 21 Late 2023"]
[White "Indjic, Aleksandar"]
[Black "Caruana, Fabiano"]
[WhiteFideId "911925"]
[BlackFideId "2020009"]
[WhiteElo "2618"]
[BlackElo "2764"]
[Result "0-1"]
[Round "08"]
[TimeControl "180+2"]
[Date "2023.02.21"]
[WhiteClock "0:00:02"]
[BlackClock "0:00:09"]

1. d4 Nf6 2. c4 e6 3. Nc3 Bb4 4. Qc2 c5 5. dxc5 Bxc5 6. Nf3 Nc6 7. Bg5 h6 8. Bh4 O-O 9. e3 b6 10. a3 Bb7 11. Rd1 Be7 12. Be2 d6 13. O-O a6 14. Rd2 Qb8 15. Rfd1 Rd8 16. h3 Rd7 17. b4 Qc7 18. Bg3 Ne5 19. Nxe5 dxe5 20. Rxd7 Nxd7 21. Bf1 Rc8 22. Qb2 Nf8 23. Na4 f6 24. f3 Bc6 25. Nc3 a5 26. e4 axb4 27. axb4 Ra8 28. Bf2 Nd7 29. Qb3 Kh7 30. c5 bxc5 31. b5 Bb7 32. Qxe6 Nf8 33. Qf7 Bd6 34. Qb3 Rd8 35. b6 Qe7 36. Nd5 Qf7 37. Bc4 Qg6 38. Ne3 Qe8 39. Bf7 Qc6 40. Bd5 Qc8 41. Bxb7 Qxb7 42. Nc4 Be7 43. Rb1 Qd7 44. Qb5 Qxb5 45. Rxb5 Ne6 46. b7 Rb8 47. Na5 Nd8 48. Kf1 Kg6 49. Ke2 Bd6 50. Kd3 Bc7 51. Bxc5 Bxa5 52. Rxa5 Nxb7 53. Rb5 Nxc5+ 54. Rxc5 Rb2 55. g4 Rh2 56. Ke3 Rxh3 57. Kf2 Rh2+ 58. Kg3 Rd2 59. Rc7 Rd3 60. Rb7 Rd8 61. Ra7 Rg8 62. Kh4 Rh8 63. Rb7 h5 64. gxh5+ Rxh5+ 65. Kg3 Rg5+ 66. Kf2 Rh5 67. Kg3 Rh7 68. Rb1 Kg5 69. Rg1 g6 70. Kf2+ Kh6 71. Kg3 Ra7 72. Rh1+ Kg5 73. Rg1 Ra3 74. Kf2+ Kh6 75. Kg3 Kg7 76. Kg4 Kf7 77. Rc1 g5 78. Rc8 Ra1 79. Kg3 Rg1+ 80. Kf2 Rh1 81. Kg3 Rh4 82. Rb8 Rf4 83. Ra8 g4 84. fxg4 Rxe4 85. Rb8 Rd4 86. Ra8 Rd7 87. Kf3 Kg6 88. Rg8+ Rg7 89. Rh8 Rh7 90. Rg8+ Kf7 91. Rb8 Rh3+ 92. Kg2 Rd3 93. Ra8 Kg6 94. Rg8+ Kh6 95. Kf2 Rc3 96. Kg2 Rb3 97. Kf2 Kh7 98. Rf8 Kg7 99. Rc8 Kf7 100. Kg2 Ke6 101. Rc6+ Ke7 102. Kf2 Ra3 103. Kg2 Rd3 104. Kf2 Rd6 105. Rc8 Ke6 106. Kf3 Rd3+ 107. Kf2 Rd4 108. Kf3 Rd6 109. Rc5 Ra6 110. Rb5 Kd6 111. Kf2 Rc6 112. Kf3 Ke6 113. Kf2 Kf7 114. Kf3 Rc3+ 0-1


[Site "https://www.chess.com"]

[Event "Titled Tuesday Blitz February 21 Late 2023"]
[White "Bortnyk, Olexandr"]
[Black "Swiercz, Dariusz"]
[WhiteFideId "14120828"]
[BlackFideId "1126881"]
[WhiteElo "2605"]
[BlackElo "2637"]
[Result "1-0"]
[Round "08"]
[TimeControl "180+2"]
[Date "2023.02.21"]
[WhiteClock "0:00:01"]
[BlackClock "0:00:01"]

1. d4 Nf6 2. Nc3 d5 3. Bf4 g6 4. e3 Bg7 5. h4 h5 6. Nf3 O-O 7. Qd2 c5 8. dxc5 Nbd7 9. Be2 Nxc5 10. Ng5 Nce4 11. Ncxe4 Nxe4 12. Nxe4 dxe4 13. Qxd8 Rxd8 14. c3 e5 15. Bg3 Be6 16. a3 f6 17. Bd1 Bc4 18. Bc2 f5 19. Rd1 Kf7 20. Rd2 Ke6 21. Kd1 Bh6 22. Re1 b5 23. Kc1 Rxd2 24. Kxd2 Rd8+ 25. Kc1 a5 26. Bh2 a4 27. Rd1 Rxd1+ 28. Bxd1 Bf1 29. Kd2 Kd5 30. b3 axb3 31. Bxb3+ Bc4 32. Bc2 Bf8 33. a4 b4 34. cxb4 Bxb4+ 35. Kd1 Bc3 36. Bg3 Kc5 37. f3 exf3 38. gxf3 Kb4 39. Be1 Bxe1 40. Kxe1 Bd5 41. f4 e4 42. Kd2 Bc6 43. a5 Bb5 44. Bb1 Bc4 45. Bc2 Bb5 46. Bd1 Ba6 47. Kc2 Bb5 48. Kb2 Ba6 49. Bb3 Kxa5 50. Kc3 1-0


[Site "https://www.chess.com"]

[Event "Titled Tuesday Blitz February 21 Late 2023"]
[White "Melkumyan, Hrant"]
[Black "Fedoseev, Vladimir"]
[WhiteFideId "13302485"]
[BlackFideId "24130737"]
[WhiteElo "2645"]
[BlackElo "2680"]
[Result "0-1"]
[Round "08"]
[TimeControl "180+2"]
[Date "2023.02.21"]
[WhiteClock "0:00:05"]
[BlackClock "0:00:07"]

1. d4 Nf6 2. c4 e6 3. Bf4 Nh5 4. Bd2 c5 5. d5 exd5 6. e4 g6 7. exd5 Bg7 8. Qe2+ Kf8 9. Nc3 d6 10. g4 Nf6 11. h3 Na6 12. a3 Bd7 13. Bg2 Qb6 14. Nf3 Qxb2 15. O-O Re8 16. Qd3 Qb6 17. Rab1 Qc7 18. Bf4 h5 19. g5 Bf5 20. Qd1 Ne4 21. Nb5 Qd7 22. h4 Nc7 23. Nxc7 Qxc7 24. Rb3 Nc3 25. Rxc3 Bxc3 26. Qc1 Bg7 27. Nd2 Kg8 28. Rd1 Kh7 29. Nf1 Be4 30. f3 Bf5 31. Ng3 Qd7 32. Bf1 Bh3 33. Bd3 Bd4+ 34. Kh2 Kg7 35. Qc2 Be5 36. Bxe5+ Rxe5 37. f4 Re3 38. f5 Bg4 39. f6+ Kh7 40. Qd2 Rhe8 41. Rf1 R8e5 42. Rf2 b5 43. cxb5 Qe8 44. Bc2 Rf3 45. Rxf3 Bxf3 46. Qf4 Bxd5 47. Bd3 Re3 48. Bf1 Qe5 49. Qxe5 Rxe5 50. Bd3 c4 51. Bb1 Re1 52. Bc2 Rc1 53. Be4 Bxe4 54. Nxe4 Rd1 55. Kg3 c3 0-1


[Site "https://www.chess.com"]

[Event "Titled Tuesday Blitz February 21 Late 2023"]
[White "Kravtsiv, Martyn"]
[Black "Kramnik, Vladimir"]
[WhiteFideId "14113147"]
[BlackFideId "4101588"]
[WhiteElo "2598"]
[BlackElo "2753"]
[Result "0-1"]
[Round "08"]
[TimeControl "180+2"]
[Date "2023.02.21"]
[WhiteClock "0:00:16"]
[BlackClock "0:00:12"]

1. e4 e6 2. d4 d5 3. Nc3 Nf6 4. Bg5 dxe4 5. Nxe4 Be7 6. Nxf6+ Bxf6 7. Bxf6 Qxf6 8. Nf3 O-O 9. Qd3 c5 10. O-O-O Rd8 11. Qe4 Nc6 12. Bd3 Nxd4 13. Qxh7+ Kf8 14. Nd2 b6 15. Kb1 Bb7 16. Be4 Bxe4 17. Nxe4 Qh6 18. Qxh6 gxh6 19. c3 Nc6 20. Kc2 Ke7 21. Rhe1 f5 22. Nd2 Kf6 23. g3 e5 24. Nc4 e4 25. a4 h5 26. Rf1 Ne5 27. Nxe5 Kxe5 28. Rxd8 Rxd8 29. Rd1 Rh8 30. Rd7 h4 31. Kd2 hxg3 32. hxg3 a6 33. Re7+ Kd5 34. b3 Rh1 35. Rf7 Ke5 36. Re7+ Kd6 37. Rb7 Kc6 38. Rf7 Rb1 39. Rf6+ Kc7 40. Kc2 Rf1 41. Rxf5 e3 42. f4 e2 0-1


[Site "https://www.chess.com"]

[Event "Titled Tuesday Blitz February 21 Late 2023"]
[White "Zhigalko, Sergei"]
[Black "Tang, Andrew"]
[WhiteFideId "13502956"]
[BlackFideId "2059630"]
[WhiteElo "2572"]
[BlackElo "2523"]
[Result "1-0"]
[Round "08"]
[TimeControl "180+2"]
[Date "2023.02.21"]
[WhiteClock "0:00:12"]
[BlackClock "0:00:01"]

1. e4 e5 2. Nf3 Nc6 3. Bb5 g6 4. O-O Bg7 5. c3 a6 6. Ba4 b5 7. Bb3 Na5 8. Bc2 Ne7 9. d4 exd4 10. cxd4 O-O 11. h3 d6 12. Nc3 Bb7 13. Bf4 Nc4 14. b3 Na3 15. Rc1 c5 16. Bd3 Nc6 17. Ne2 cxd4 18. Qd2 Re8 19. Rfd1 b4 20. Bh6 Bh8 21. Nf4 Ne5 22. Qxb4 Nb5 23. Bxb5 Nxf3+ 24. gxf3 axb5 25. Qxb5 Bc8 26. Bg5 Qd7 27. Qxd7 Bxd7 28. Rc7 Be6 29. Rd2 1-0


[Site "https://www.chess.com"]

[Event "Titled Tuesday Blitz February 21 Late 2023"]
[White "Svane, Rasmus"]
[Black "Gokerkan, Cem Kaan"]
[WhiteFideId "4657101"]
[BlackFideId "6336760"]
[WhiteElo "2623"]
[BlackElo "2500"]
[Result "0-1"]
[Round "08"]
[TimeControl "180+2"]
[Date "2023.02.21"]
[WhiteClock "0:00:03"]
[BlackClock "0:00:09"]

1. Nf3 Nf6 2. g3 d5 3. Bg2 e6 4. O-O Be7 5. c4 O-O 6. b3 c5 7. cxd5 Nxd5 8. Nc3 Bf6 9. Bb2 Nc6 10. Qc2 Ndb4 11. Qc1 b6 12. a3 Nd5 13. Nxd5 exd5 14. b4 Ba6 15. d3 c4 16. dxc4 Bxc4 17. Re1 Re8 18. e3 a5 19. Qd2 axb4 20. axb4 Bxb2 21. Qxb2 Rxa1 22. Rxa1 Qd6 23. b5 Nb4 24. Nd4 Nd3 25. Qd2 Qf6 26. Ra7 g6 27. h3 Nc5 28. Qd1 Ne4 29. Qf3 Qxf3 30. Bxf3 Nd6 31. Rd7 Nxb5 32. Nc6 Nc3 33. Ne7+ Kg7 34. Nxd5 Nxd5 35. Bxd5 Bxd5 36. Rxd5 Rb8 37. Rb5 Kf6 38. e4 Ke6 39. e5 g5 40. Kg2 h5 41. Kf3 Rb7 42. Ke4 Rb8 43. f4 gxf4 44. gxf4 f5+ 45. Kd4 Rb7 46. Rd5 b5 47. Rd6+ Ke7 48. Rh6 Rb8 49. Rh7+ Ke6 50. Rh6+ Ke7 51. Rxh5 b4 52. Kd5 Rb5+ 53. Kc4 b3 54. Rh7+ Ke6 55. Rh6+ Ke7 56. Rh7+ Ke6 57. Rh6+ Kf7 58. e6+ Ke7 59. Kxb5 b2 60. Kc4 b1=Q 61. Kd5 Qe4+ 62. Kc5 Qxf4 63. Rg6 Qe5+ 64. Kc4 f4 65. Rg4 Qe4+ 66. Kc3 Qe3+ 67. Kc4 f3 68. Kd5 Qxe6+ 69. Kd4 Qxg4+ 70. hxg4 f2 0-1


[Site "https://www.chess.com"]

[Event "Titled Tuesday Blitz February 21 Late 2023"]
[White "Florescu, Codrut-Constantin"]
[Black "Chigaev, Maksim"]
[WhiteFideId "1202200"]
[BlackFideId "4108116"]
[WhiteElo "2259"]
[BlackElo "2628"]
[Result "0-1"]
[Round "08"]
[TimeControl "180+2"]
[Date "2023.02.21"]
[WhiteClock "0:00:02"]
[BlackClock "0:00:36"]

1. e4 c5 2. Nf3 e6 3. d4 cxd4 4. Nxd4 Nf6 5. Nc3 Nc6 6. Ndb5 d6 7. Bf4 e5 8. Bg5 a6 9. Na3 b5 10. Nd5 Be7 11. Bxf6 Bxf6 12. c3 Ne7 13. Nxf6+ gxf6 14. Bd3 Bb7 15. Nc2 d5 16. Qe2 f5 17. O-O-O fxe4 18. Bxe4 Qc7 19. Bf3 O-O-O 20. Rhe1 f6 21. Bg4+ Kb8 22. f4 Nc6 23. fxe5 fxe5 24. Kb1 Rhe8 25. Bf5 Re7 26. g4 Na5 27. Nb4 Nc4 28. b3 Nb6 29. Kb2 a5 30. Nc2 b4 31. cxb4 a4 32. Na3 d4 33. Rc1 Qd6 34. Qb5 d3 35. Red1 e4 0-1


[Site "https://www.chess.com"]

[Event "Titled Tuesday Blitz February 21 Late 2023"]
[White "Nihal Sarin"]
[Black "Rustemov, Alexander"]
[WhiteFideId "25092340"]
[BlackFideId "4119002"]
[WhiteElo "2673"]
[BlackElo "2525"]
[Result "1-0"]
[Round "08"]
[TimeControl "180+2"]
[Date "2023.02.21"]
[WhiteClock "0:01:09"]
[BlackClock "0:00:22"]

1. Nf3 d5 2. e3 Nf6 3. c4 c6 4. d4 Bf5 5. Nh4 Bg6 6. Nd2 e6 7. g3 Be7 8. Nxg6 hxg6 9. Bg2 Nbd7 10. O-O O-O 11. e4 dxe4 12. Nxe4 Nxe4 13. Bxe4 Nf6 14. Bg2 a5 15. Be3 a4 16. Qc2 Qa5 17. Rad1 Rfd8 18. Rd3 a3 19. bxa3 Bxa3 20. Rb1 Rd7 21. Rdb3 Qa6 22. Bf1 Be7 23. a3 Ne8 24. d5 exd5 25. cxd5 Qa4 26. dxc6 Qxc6 27. Qxc6 bxc6 28. Bg2 Rxa3 29. Rb8 Kf8 30. Bxc6 Rd8 31. Rxd8 Bxd8 32. Bc5+ Be7 33. Bxa3 Bxa3 34. Rb8 1-0


[Site "https://www.chess.com"]

[Event "Titled Tuesday Blitz February 21 Late 2023"]
[White "Sarana, Alexey"]
[Black "Gorshtein, Ido"]
[WhiteFideId "24133795"]
[BlackFideId "2815532"]
[WhiteElo "2685"]
[BlackElo "2514"]
[Result "1-0"]
[Round "08"]
[TimeControl "180+2"]
[Date "2023.02.21"]
[WhiteClock "0:00:03"]
[BlackClock "0:00:01"]

1. c4 Nf6 2. Nc3 g6 3. e4 d6 4. d4 Bg7 5. Be2 O-O 6. Be3 Nc6 7. Nf3 Ng4 8. Bg5 h6 9. Bh4 Nf6 10. d5 Nb8 11. h3 Nbd7 12. Nd4 Nc5 13. Bf3 e5 14. Nb3 b6 15. Nxc5 bxc5 16. Qd2 Bd7 17. Qd3 Qb8 18. b3 Nh7 19. Bg4 f5 20. exf5 gxf5 21. Bh5 e4 22. Qc2 Qb4 23. Rc1 Be8 24. Bd1 Bg6 25. O-O Rae8 26. Nb5 Qa5 27. f4 exf3 28. Bxf3 Ng5 29. Kh1 a6 30. Nc3 Kh7 31. Ne2 f4 32. Qd1 Qxa2 33. Nc3 Qb2 34. Bxg5 hxg5 35. Ne2 Re3 36. Ng1 Qxb3 37. Qd2 Rfe8 38. Qa5 Qb6 39. Qa4 Bf5 40. Bg4 Bxg4 41. hxg4 Bf6 42. Rb1 Qa7 43. Qc6 Kg6 44. Nf3 Rh8+ 45. Kg1 Qa8 46. Qxc7 Qe8 47. Qxd6 Rxf3 48. Rxf3 Qe4 49. Rd1 Qe2 50. Rdf1 Rh4 51. R3f2 Qe3 52. Rd1 Rxg4 53. Qe6 Qg3 54. Qe4+ Kg7 55. d6 f3 56. Qxf3 Qxf3 57. Rxf3 1-0


[Site "https://www.chess.com"]

[Event "Titled Tuesday Blitz February 21 Late 2023"]
[White "Stoyanov, Tsvetan"]
[Black "Deac, Bogdan-Daniel"]
[WhiteFideId "2917173"]
[BlackFideId "1226380"]
[WhiteElo "2454"]
[BlackElo "2700"]
[Result "0-1"]
[Round "08"]
[TimeControl "180+2"]
[Date "2023.02.21"]
[WhiteClock "0:00:08"]
[BlackClock "0:00:23"]

1. e4 c6 2. c4 d5 3. cxd5 cxd5 4. exd5 Nf6 5. Bb5+ Nbd7 6. Nf3 Nxd5 7. Nc3 Nc7 8. Ba4 g6 9. h4 h6 10. d4 Bg7 11. Bf4 O-O 12. h5 g5 13. Nxg5 hxg5 14. Bxg5 Ne6 15. Be3 Nb6 16. h6 Bf6 17. Bc2 Nxd4 18. Bd3 Kh8 19. Ne4 Bf5 20. Nxf6 exf6 21. Bxf5 Nxf5 22. Qg4 Qd5 23. Rh5 Qa5+ 24. b4 Qa3 25. Rxf5 Qc3+ 26. Ke2 Rg8 27. Qd4 Qc2+ 0-1


[Site "https://www.chess.com"]

[Event "Titled Tuesday Blitz February 21 Late 2023"]
[White "Anton Guijarro, David"]
[Black "Holt, Conrad"]
[WhiteFideId "2285525"]
[BlackFideId "2034387"]
[WhiteElo "2690"]
[BlackElo "2540"]
[Result "1/2-1/2"]
[Round "08"]
[TimeControl "180+2"]
[Date "2023.02.21"]
[WhiteClock "0:00:10"]
[BlackClock "0:00:02"]

1. e4 e6 2. Nc3 d5 3. Nf3 Nf6 4. e5 Nfd7 5. d4 c5 6. Bb5 Nc6 7. O-O Be7 8. Ne2 cxd4 9. Nexd4 Qc7 10. Re1 a6 11. Nxc6 bxc6 12. Bd3 c5 13. c3 Bb7 14. Bf4 h6 15. h3 g5 16. Bg3 h5 17. Qe2 Qc6 18. Rac1 h4 19. Bh2 g4 20. hxg4 h3 21. b4 hxg2 22. Kxg2 Rg8 23. Bg3 Rxg4 24. bxc5 Qxc5 25. Nd4 Rg8 26. Qf3 Rb8 27. Qh5 Bg5 28. Rc2 Qe7 29. Rb2 Kd8 30. Reb1 Kc7 31. Qe2 Bc8 32. Bxa6 Rxb2 33. Rxb2 Qc5 34. Bxc8 Rxc8 35. Qf3 Rf8 36. a4 Qc4 37. a5 Nc5 38. Nb5+ Kc6 39. Nd6 Qd3 40. Rb6+ Kd7 41. Qxd3 Nxd3 42. Rb7+ Kc6 43. Rxf7 Ra8 44. Rg7 Bd2 45. Rg6 Nc5 46. c4 d4 47. Nf7 Bxa5 48. Ng5 Re8 49. Bf4 d3 50. Kf3 Kd7 51. Ne4 Kc6 52. Nxc5 Kxc5 53. Rg7 Kxc4 54. Ke4 Rc8 55. Rd7 Bc3 56. Rd6 Re8 57. Be3 Bb4 58. Rd4+ Kb5 59. Rxd3 Kc6 60. f4 Be7 61. Rc3+ Kd7 62. Rb3 Rc8 63. Rb7+ Rc7 64. Rb8 Rc4+ 65. Kd3 Ra4 66. Rh8 Ra3+ 67. Ke4 Ra4+ 68. Kf3 Ra3 69. Rh7 Ke8 70. Kf2 Ra2+ 71. Kf1 Ra3 72. Ke2 Ra2+ 73. Kd1 Ra4 74. Rh6 Kf7 75. Rh7+ Ke8 76. Kc2 Ra2+ 77. Kb3 Ra3+ 78. Kc4 Rxe3 79. Kd4 Re1 80. Rh6 Kf7 81. Rh7+ Kf8 82. Rh6 Kf7 83. Rh7+ Ke8 84. Rh6 Kd7 85. Rh7 Re2 86. Kd3 Rg2 87. Ke4 Rg1 88. Kd4 Re1 89. Kd3 Kd8 90. Rh8+ Kd7 91. Rh7 Ra1 92. Kd4 Ra4+ 93. Ke3 Ra7 94. Ke4 Kc6 95. Rh6 Ra4+ 96. Kf3 Kd5 97. Rh1 Ra3+ 98. Kg4 Bc5 99. Rd1+ Bd4 100. f5 exf5+ 101. Kxf5 Rf3+ 102. Kg4 Re3 103. e6 Rxe6 104. Rd2 Ke4 105. Rg2 Be3 106. Rg3 Rh6 107. Rg2 Rh8 108. Rg3 Bf4 109. Rg2 Ke3 110. Kf5 Rf8+ 111. Ke6 Kf3 112. Ra2 Kg4 113. Rg2+ Bg3 114. Rc2 Re8+ 115. Kd7 Re1 116. Rc4+ Kf5 117. Kc6 Ke6 118. Rc5 Bd6 119. Rc4 Be5 120. Rc5 Ra1 121. Rc4 Ra8 122. Kb7 Rb8+ 123. Kc6 Rd8 124. Kb5 Kd6 125. Rc6+ Kd5 126. Rc5+ Ke6 127. Rc6+ Bd6 128. Rc4 Kd5 129. Rc2 Rb8+ 130. Ka4 Bc5 131. Rh2 Bd4 132. Rc2 Rb1 133. Rc8 Bc5 134. Ka5 Kc4 135. Ka6 Rb6+ 136. Ka5 Rb7 137. Rc6 Rh7 138. Rg6 Bb4+ 139. Kb6 Bc5+ 140. Kc6 Bd4 141. Kd6 Ra7 142. Re6 Ra6+ 143. Kd7 Ra5 144. Re7 Kd5 145. Rf7 Be5 146. Re7 Ra7+ 147. Ke8 Ra8+ 148. Kd7 Bd6 149. Rf7 Rb8 150. Rf5+ Be5 151. Rf7 Ra8 152. Re7 Rf8 153. Rh7 Bf6 1/2-1/2


[Site "https://www.chess.com"]

[Event "Titled Tuesday Blitz February 21 Late 2023"]
[White "Christiansen, Johan-Sebastian"]
[Black "Rasulov, Vugar"]
[WhiteFideId "1512668"]
[BlackFideId "13402390"]
[WhiteElo "2579"]
[BlackElo "2523"]
[Result "0-1"]
[Round "08"]
[TimeControl "180+2"]
[Date "2023.02.21"]
[WhiteClock "0:00:04"]
[BlackClock "0:00:31"]

1. e4 c5 2. Nf3 Nc6 3. b4 d6 4. bxc5 dxc5 5. Bb5 Nf6 6. e5 Nd5 7. O-O Bg4 8. h3 Bh5 9. e6 fxe6 10. Re1 Qd6 11. Na3 O-O-O 12. Nc4 Qc7 13. Bb2 Nd4 14. Bxd4 cxd4 15. Rxe6 a6 16. Rxa6 bxa6 17. Bxa6+ Kb8 18. Rb1+ Ka8 19. Bb7+ Ka7 20. Qc1 e5 21. Nfxe5 Be8 22. Qb2 Rb8 23. Qxd4+ Qc5 24. Qb2 Be7 25. a3 Rf8 26. Kh1 Rxf2 27. Qb3 Rf1+ 28. Rxf1 Rxb7 29. Qd3 Bf6 30. Qxh7 Bb5 31. d3 Bxe5 32. Nxe5 Ne3 33. d4 Qxd4 34. Qh5 Nxf1 35. Nc6+ Bxc6 36. Qa5+ Kb8 37. Qd8+ Qxd8 0-1


[Site "https://www.chess.com"]

[Event "Titled Tuesday Blitz February 21 Late 2023"]
[White "Oganian, Miran"]
[Black "Kamsky, Gata"]
[WhiteFideId "4122488"]
[BlackFideId "2000024"]
[WhiteElo "2439"]
[BlackElo "2665"]
[Result "0-1"]
[Round "08"]
[TimeControl "180+2"]
[Date "2023.02.21"]
[WhiteClock "0:00:04"]
[BlackClock "0:00:09"]

1. e4 e5 2. Nf3 Nc6 3. Nc3 Nf6 4. d4 exd4 5. Nxd4 Bb4 6. Nxc6 bxc6 7. Bd3 d5 8. exd5 Qe7+ 9. Qe2 cxd5 10. Qxe7+ Kxe7 11. O-O Rd8 12. Nb5 c6 13. Nd4 Bd7 14. c3 Bd6 15. Nf5+ Bxf5 16. Bxf5 Bc5 17. b4 Bb6 18. a4 Kf8 19. a5 Bc7 20. Be3 g6 21. Bd3 Ng4 22. Bc5+ Bd6 23. Bxd6+ Rxd6 24. Rfe1 Re6 25. Rxe6 fxe6 26. Re1 Ke7 27. f4 Kd6 28. h3 Nf6 29. Kf2 Rb8 30. g4 Nd7 31. Kg3 e5 32. fxe5+ Nxe5 33. Be2 c5 34. bxc5+ Kxc5 35. Bf1 Kd6 36. Rd1 Rb3 37. Bg2 Rxc3+ 38. Kh4 Nd3 39. Kg5 Ke5 40. Kh6 Nf4 41. Bf1 Nxh3 42. Kxh7 Nf4 43. Kh6 d4 44. Kg5 Re3 45. Rb1 Ne6+ 46. Kxg6 d3 47. Rb5+ Kd6 48. Bxd3 Rxd3 49. Rb7 a6 50. Rb6+ Ke5 51. Rxa6 Rg3 52. Rb6 Rxg4+ 53. Kh5 Ra4 54. Rb5+ Kf6 55. Rb6 Rxa5+ 56. Kh4 Kf5 57. Kg3 Nf4 58. Kf2 Kg4 59. Rb8 Ra2+ 60. Ke1 Kf3 61. Rb3+ Kg2 62. Rb8 Nd3+ 63. Kd1 Nf2+ 64. Kc1 Kf3 65. Kb1 Ra7 66. Rf8+ Ke3 67. Rd8 Nd3 68. Rh8 Kd4 69. Rd8+ Ke3 70. Re8+ Kd2 71. Rd8 Rb7+ 72. Ka2 Rb5 73. Ka3 Kc3 74. Rc8+ Nc5 75. Ka2 Kc2 76. Ka3 Rb3+ 77. Ka2 Rc3 78. Rc7 Kd3 79. Rc8 Kc4 80. Rc7 Kb4 81. Rc8 Rc2+ 82. Kb1 Kb3 83. Rb8+ Kc3 84. Rb5 Nd3 85. Rh5 Rc1+ 86. Ka2 Nb4+ 87. Ka3 Ra1# 0-1


[Site "https://www.chess.com"]

[Event "Titled Tuesday Blitz February 21 Late 2023"]
[White "Livaic, Leon"]
[Black "Golubka, Petro"]
[WhiteFideId "14531534"]
[BlackFideId "14114224"]
[WhiteElo "2579"]
[BlackElo "2371"]
[Result "1/2-1/2"]
[Round "08"]
[TimeControl "180+2"]
[Date "2023.02.21"]
[WhiteClock "0:00:03"]
[BlackClock "0:00:08"]

1. d4 d5 2. Bf4 c6 3. e3 h5 4. c4 Nf6 5. Nc3 g6 6. Nf3 Bg7 7. h3 O-O 8. Bd3 dxc4 9. Bxc4 Nd5 10. Bh2 Be6 11. Bb3 Na6 12. O-O Bh6 13. e4 Nxc3 14. bxc3 Bxb3 15. axb3 Nc7 16. c4 a5 17. Re1 Ne6 18. Qd3 Bg7 19. Rad1 a4 20. bxa4 Rxa4 21. e5 b6 22. d5 Nc5 23. Qc2 cxd5 24. cxd5 Qa8 25. e6 f5 26. d6 exd6 27. Bxd6 Re8 28. Bxc5 bxc5 29. Qxc5 Re4 30. Ng5 Rxe1+ 31. Rxe1 Qb7 32. h4 Bf6 33. Qc4 Qe7 34. f4 Kg7 35. Rd1 Bxg5 36. Rd7 Bxh4 37. Qd4+ Bf6 38. Rxe7+ Rxe7 39. Qd5 h4 40. Kf2 Kh7 41. g3 hxg3+ 42. Kxg3 Kg7 43. Kf3 Ra7 44. Ke2 Re7 45. Kd3 Bh4 46. Kc4 Bf6 47. Qc6 Ra7 48. Kd5 Re7 49. Kd6 Ra7 50. Qb6 Re7 51. Qb8 Bh4 52. Qc8 Bf6 53. Qc2 Bh4 54. Qc3+ Bf6 55. Qc8 Bh4 56. Qc1 Bf6 57. Qh1 Ra7 58. Qf1 Re7 59. Qf2 Rb7 60. Kc6 Re7 61. Kd5 Rb7 62. Qc2 Re7 63. Qc8 Bh4 64. Qd8 Bf6 65. Qb6 Bh4 66. Qc5 Bf6 67. Kd6 Bh4 68. Qc8 Bf6 69. Qa8 Bh4 70. Qa1+ Bf6 71. Qd1 Bh4 72. Qh1 Bf6 73. Qh2 Ra7 74. e7 Rxe7 75. Kd5 Rd7+ 76. Ke6 Re7+ 77. Kd6 Re4 78. Kd5 Re7 79. Kd6 Re4 80. Kd5 Rd4+ 81. Kc5 Re4 82. Kd5 1/2-1/2


[Site "https://www.chess.com"]

[Event "Titled Tuesday Blitz February 21 Late 2023"]
[White "Maksimovic, Bojan"]
[Black "Sanal, Vahap"]
[WhiteFideId "14408120"]
[BlackFideId "6300545"]
[WhiteElo "2486"]
[BlackElo "2600"]
[Result "0-1"]
[Round "08"]
[TimeControl "180+2"]
[Date "2023.02.21"]
[WhiteClock "0:00:28"]
[BlackClock "0:02:00"]

1. e4 c5 2. Nf3 e6 3. d4 cxd4 4. Nxd4 a6 5. Nc3 b5 6. Bd3 Bb7 7. O-O d6 8. a4 b4 9. Na2 Nf6 10. Re1 Be7 11. Bd2 a5 12. c3 bxc3 13. Nxc3 O-O 14. Rc1 Nbd7 15. Nb3 Ne5 16. Bf1 h6 17. h3 Rc8 18. Nb5 Rxc1 19. Qxc1 Nxe4 20. Bxa5 Qa8 21. Qc7 Bd8 22. Qc2 Ng5 23. Bxd8 Ngf3+ 24. Kh1 Nxe1 0-1


[Site "https://www.chess.com"]

[Event "Titled Tuesday Blitz February 21 Late 2023"]
[White "KhalilMousavi98"]
[Black "Hambleton, Aman"]
[BlackFideId "2606577"]
[WhiteElo "2871"]
[BlackElo "2420"]
[Result "1-0"]
[Round "08"]
[TimeControl "180+2"]
[Date "2023.02.21"]
[WhiteClock "0:01:30"]
[BlackClock "0:00:03"]

1. e4 e6 2. d4 d5 3. Nc3 Bb4 4. exd5 exd5 5. Bd3 Nc6 6. Ne2 Nge7 7. O-O Bf5 8. Ng3 Bxd3 9. Qxd3 Bxc3 10. Qxc3 Qd6 11. Qd3 Qg6 12. Qd2 h5 13. h3 O-O-O 14. b4 Nf5 15. Nxf5 Qxf5 16. b5 Ne7 17. a4 Ng6 18. Ra3 Rde8 19. a5 Re6 20. b6 cxb6 21. axb6 a6 22. Rxa6 bxa6 23. Qc3+ Kd8 24. Qc7+ Ke8 25. b7 1-0


[Site "https://www.chess.com"]

[Event "Titled Tuesday Blitz February 21 Late 2023"]
[White "Javakhadze, Zurab"]
[Black "Gholami Orimi, Mahdi"]
[WhiteFideId "13603647"]
[BlackFideId "12558486"]
[WhiteElo "2459"]
[BlackElo "2420"]
[Result "0-1"]
[Round "08"]
[TimeControl "180+2"]
[Date "2023.02.21"]
[WhiteClock "0:01:25"]
[BlackClock "0:02:14"]

1. Nf3 g6 2. g3 Bg7 3. Bg2 e5 4. d3 d5 5. O-O Ne7 6. Nc3 Nbc6 7. e4 O-O 8. exd5 Nxd5 9. Bd2 a5 10. Nxe5 Nxe5 11. Bxd5 Bg4 12. f3 Bh3 13. Bxb7 Rb8 14. Bd5 Bxf1 15. Qxf1 Rxb2 16. Bb3 Nxd3 17. Rd1 Rxb3 18. axb3 Nb2 0-1


[Site "https://www.chess.com"]

[Event "Titled Tuesday Blitz February 21 Late 2023"]
[White "Bernadskiy, Vitaliy"]
[Black "Msellek, Ilyass"]
[WhiteFideId "14100371"]
[BlackFideId "675938"]
[WhiteElo "2592"]
[BlackElo "2420"]
[Result "1-0"]
[Round "08"]
[TimeControl "180+2"]
[Date "2023.02.21"]
[WhiteClock "0:00:51"]
[BlackClock "0:01:15"]

1. d4 d6 2. Nc3 Nf6 3. e4 e5 4. dxe5 dxe5 5. Qxd8+ Kxd8 6. Bc4 Ke8 7. Bg5 c6 8. f4 h6 9. Bxf6 gxf6 10. O-O-O Bg4 11. Nf3 Nd7 12. h3 Be6 13. Bxe6 fxe6 14. f5 exf5 15. exf5 h5 16. Ne4 Bh6+ 17. Kb1 Ke7 18. Nh4 Nf8 19. Rd6 Bg5 20. Nf3 Nh7 21. Re6+ Kf7 22. Rd1 Rad8 23. Rdd6 Rxd6 24. Nxd6+ Kg7 25. Re7+ Kg8 26. Rxb7 Nf8 27. Nxg5 fxg5 28. f6 Rh6 29. Rg7+ 1-0


[Site "https://www.chess.com"]

[Event "Titled Tuesday Blitz February 21 Late 2023"]
[White "Kobo, Ori"]
[Black "Rorrer, Grayson"]
[WhiteFideId "2812320"]
[BlackFideId "30944996"]
[WhiteElo "2559"]
[BlackElo "2263"]
[Result "1-0"]
[Round "08"]
[TimeControl "180+2"]
[Date "2023.02.21"]
[WhiteClock "0:00:14"]
[BlackClock "0:00:01"]

1. b3 e5 2. Bb2 Nc6 3. c4 Nge7 4. e3 d5 5. cxd5 Nxd5 6. a3 f6 7. Nf3 Be6 8. Qc2 Qd7 9. d4 exd4 10. Nxd4 Nxd4 11. Bxd4 c5 12. Bb2 Rd8 13. Be2 Be7 14. O-O O-O 15. Rd1 Qc7 16. Nd2 Bd6 17. Nf3 Ne7 18. Rac1 Bf5 19. e4 Bg6 20. b4 b6 21. Bc4+ Kh8 22. Qe2 Bf4 23. Ra1 Nc6 24. bxc5 bxc5 25. g3 Bh5 26. Kg2 Be5 27. Bd5 Rb8 28. Ra2 Bxb2 29. Rxb2 Ne5 30. Rxb8 Rxb8 31. Rd3 Nxf3 32. Rxf3 c4 33. Bxc4 Bxf3+ 34. Kxf3 Rc8 35. Bd3 Qc3 36. Kg2 Rd8 37. Bb1 Qxa3 38. e5 Qe7 39. Qe4 g6 40. e6 Re8 41. Ba2 a5 42. h4 Rb8 43. h5 Kg7 44. Qf4 Rf8 45. h6+ Kh8 46. Qe4 Re8 47. Qc6 Qd8 48. Bd5 Re7 49. Qb5 Kg8 50. Bc4 Kh8 51. Qb2 Qa8+ 52. Kh2 Qf8 53. Qd4 Re8 54. Qe3 Re7 55. Ba2 a4 56. Kg2 Qa8+ 57. Kg1 Qf8 58. Qa3 Re8 59. Qxa4 Rd8 60. Qb3 Qxh6 61. e7 Re8 62. Qf7 Qc1+ 63. Kh2 Qc8 64. Qxf6# 1-0


[Site "https://www.chess.com"]

[Event "Titled Tuesday Blitz February 21 Late 2023"]
[White "Preotu, Razvan"]
[Black "Samsonkin, Artiom"]
[WhiteFideId "2613280"]
[BlackFideId "13503111"]
[WhiteElo "2475"]
[BlackElo "2420"]
[Result "0-1"]
[Round "08"]
[TimeControl "180+2"]
[Date "2023.02.21"]
[WhiteClock "0:00:03"]
[BlackClock "0:00:12"]

1. e4 c6 2. Nc3 d5 3. Nf3 dxe4 4. Nxe4 Nf6 5. Qe2 Nxe4 6. Qxe4 Nd7 7. d4 Nf6 8. Qf4 g6 9. Bd3 Bg7 10. O-O O-O 11. Re1 Nd5 12. Qh4 Nb4 13. Bg5 f6 14. Bc4+ Kh8 15. Bb3 fxg5 16. Nxg5 h6 17. Rad1 Nd5 18. Ne6 Bxe6 19. Rxe6 Rf6 20. Re4 Qf8 21. Qg3 Re8 22. Rde1 e6 23. c3 Qf7 24. h4 Rf8 25. f3 Nf4 26. Bc2 Nh5 27. Qg4 Nf4 28. Qg3 c5 29. dxc5 e5 30. Bb3 Qc7 31. Rxf4 exf4 32. Qf2 b6 33. c6 Qxc6 34. Re7 Qc5 35. Rxa7 Qxf2+ 36. Kxf2 Rd6 37. Bf7 Rfd8 38. h5 gxh5 39. Bxh5 Rd2+ 40. Kg1 Rxb2 41. Bg4 Bxc3 42. Bf5 Rd1+ 43. Kh2 Bd4 44. Rh7+ Kg8 45. Rd7 Bg1+ 46. Kh3 Rxd7 47. Bxd7 Be3 48. Be6+ Kg7 49. Bc4 Kf6 0-1


[Site "https://www.chess.com"]